 Dungeon Crawl Stone Soup version 0.31-a0-1074-g0b22e4e0f1 (webtiles) character file.

Game seed: 10161055247753712730

2252 waewhow the Covered (level 9, -3/68 HPs)
             Began as a Demonspawn Berserker on Dec 5, 2023.
             Was a Believer of Trog.
             Slain by a killer bee (6 damage)
             ... on level 8 of the Dungeon.
             The game lasted 00:26:22 (6353 turns).

waewhow the Covered (Demonspawn Berserker)          Turns: 6353, Time: 00:26:23

Health: -3/68      AC: 13    Str: 21    XL:     9   Next: 15%
Magic:  9/9        EV:  8    Int: 10    God:    Trog [**....]
Gold:   386        SH:  9    Dex: 12    Spells: 8/8 levels left

rFire   . . .        w - +2 whip (freeze)
rCold   . . .        e - +0 kite shield
rNeg    . . .        y - +0 chain mail
rPois   .            k - +0 helmet
rElec   .            (no cloak)
rCorr   .            (no gloves)
SInv    .            (no boots)
Will    +....        (no amulet) Stlth
                     A - ring of willpower
HPRegen 0.31/turn    (no ring)
MPRegen 0.11/turn

%: no passive effects
@: lethally poisoned (-3 -> -14), on berserk cooldown, slowed, very slow
A: hooves 1, yellow scales 1, ignite blood 1, powered by pain 1
a: Renounce Religion, Berserk, Trog's Hand


You were on level 8 of the Dungeon.
You worshipped Trog.
Trog was pleased with you.
You visited 2 branches of the dungeon, and saw 9 of its levels.

You collected 386 gold pieces.

Inventory:

Hand Weapons
 a - a +0 spear
 h - a +2 whip of venom
 w - a +2 whip of freezing (weapon)
 B - a +3 dagger
 E - the +7 staff of the Meek {protect, meekguard}
   (You found it on level 6 of the Dungeon)
Missiles
 m - a throwing net
Armour
 e - a +0 kite shield (worn)
 k - a +0 helmet (worn)
 y - a +0 chain mail (worn)
 F - a +0 buckler
Jewellery
 A - a ring of willpower (left hand)
Wands
 C - a wand of digging (4)
Scrolls
 b - a scroll of summoning {unknown}
 c - a scroll of fog {unknown}
 d - 4 scrolls of teleportation {unknown}
 f - 2 scrolls of revelation {unknown}
 g - 2 scrolls of enchant armour {unknown}
 i - 2 scrolls of enchant weapon {unknown}
 j - 7 scrolls of identify {unknown}
 p - 2 scrolls of poison {unknown}
 t - a scroll of vulnerability {unknown}
 D - a scroll of fear {unknown}
 G - a scroll of immolation {unknown}
 H - a scroll of silence {unknown}
Potions
 l - a potion of haste {unknown}
 n - a potion of degeneration {unknown}
 o - a potion of heal wounds {unknown}
 q - 2 potions of curing {unknown}
 r - a potion of brilliance {unknown}
 s - 2 potions of might {unknown}
 u - a potion of lignification {unknown}
 v - a potion of attraction {unknown}
 x - 2 potions of mutation {unknown}
 z - a potion of invisibility {unknown}


   Skills:
 + Level 5.3 Fighting
 + Level 3.3 Maces & Flails
 + Level 5.2 Polearms
 + Level 5.6 Armour
 + Level 4.1 Dodging
 + Level 1.0 Stealth
 + Level 4.4 Shields
 + Level 2.3 Evocations


You had 8 spell levels left.
You didn't know any spells.
Your spell library contained the following spells:

 Spells                   Type           Power      Damage    Failure   Level
 Ensorcelled Hibernation  Hex/Ice        0%         N/A       100%        2
 Passwall                 Tmut/Erth      0%         N/A       100%        2
 Poisonous Vapours        Pois/Air       0%         N/A       100%        2
 Mephitic Cloud           Conj/Pois/Air  0%         N/A       100%        3
 Swiftness                Air            0%         N/A       100%        3
 Freezing Cloud           Conj/Ice/Air   0%         6-21      100%        5


Dungeon Overview and Level Annotations

Branches:
Dungeon (8/15)             Temple (1/1) D:6
   Lair: D:8-11

Altars:
Ashenzari
Cheibriados
Fedhas
Gozag
Hepliaklqana
Kikubaaqudgha
Nemelex Xobeh
Qazlal
Ru
Sif Muna
Trog
Uskayaw
Vehumet
Wu Jian
Yredelemnul

Shops:
D:6 :   D:7 *


Innate Abilities, Weirdness & Mutations

You have large cloven feet.
You are partially covered in yellow scales. (AC +2)
Your demonic aura sometimes causes spilled blood to erupt in flames.
You sometimes gain a little power by taking damage.


Message History

* * * LOW HITPOINT WARNING * * *
You block the killer bee's attack.
You hear an angry buzzing noise.
You hear an angry hiss.
You hear a shout!
You see here a killer bee corpse.
You thrash the orc!! You freeze the orc.
You kill the orc!
Trog accepts your kill.
Your skin stops crawling.
You feel less strong-willed.
You feel sick. The killer bee stings you.
* * * LOW HITPOINT WARNING * * *
The killer bee stings you.
* * * LOW HITPOINT WARNING * * *
You are lethally poisoned!
The killer bee poisons you!
The killer bee stings you but does no damage.
You block the killer bee's attack. The orc wizard closely misses you.
You closely miss the wight.
* * * LOW HITPOINT WARNING * * *
You feel very sick. You block the killer bee's attack. x2
The killer bee stings you but does no damage.
The killer bee closely misses you.
The orc wizard hits you but does no damage.
The killer bee stings you but does no damage.
The wight barely misses you.
You whack the wight!
The wight is heavily damaged.
* * * LOW HITPOINT WARNING * * *
You feel sick. You block the killer bee's attack. The killer bee stings you.
* * * LOW HITPOINT WARNING * * *
You block the killer bee's attack. The killer bee barely misses you.
You closely miss the wight. Your kick misses the wight.
The wight is heavily damaged.
You are no longer berserk.
You are exhausted.
You feel yourself slow down.
* * * LOW HITPOINT WARNING * * *
You feel very sick. The killer bee stings you.
You die...

..# ...........
...$............#
...... .........#
....#.##........#
.................
............<....
......hhz<.......
.......oyz.......
.....o{y@z...[...
......h°yz.......
.##...{o.........
##...........$.
##....(.#Y..(#
....##.##..##
###### .# #.. .#
#.


You could see a sky beast, 3 howler monkeys, 3 killer bees, 4 wights, an orc
wizard and 2 orcs.

Vanquished Creatures
  Pikel (D:4)
  Prince Ribbit (D:7)
  A wyvern (D:8)
  Menkaure (D:7)
  An ice beast (D:5)
  A sky beast (D:7)
  2 black bears (D:6)
  4 lemures (D:4)
  A gnoll sergeant (D:7)
  A bullfrog (D:7)
  A scorpion (D:5)
  3 wights (D:6)
  A killer bee (D:8)
  An electric eel (D:7)
  A gnoll bouda (D:7)
  An orc priest (D:7)
  A hound (D:4)
  2 jellies
  3 iguanas
  3 sleepcaps
  An orc wizard (D:8)
  14 gnolls
  4 adders
  A white imp (D:4)
  2 ufetubi (D:6)
  6 dart slugs
  9 orcs
  8 endoplasms
  3 giant cockroaches (D:4)
  7 goblins
  7 hobgoblins
  4 jackals (D:1)
  7 kobolds
  3 quokkas
  4 ball pythons
  6 bats
  A frilled lizard (D:1)
  3 rats (D:1)
121 creatures vanquished.

Vanquished Creatures (others)
  An orc wizard (D:4)
1 creature vanquished.

Grand Total: 122 creatures vanquished

Notes
Turn   | Place    | Note
-------+----------+-------------------------------------------
     0 | D:1      | waewhow the Demonspawn Berserker began the quest for the
                  | Orb.
     0 | D:1      | Reached XP level 1. HP: 18/18 MP: 1/1
   231 | D:1      | Gained mutation: You are partially covered in yellow
                  | scales. (AC +2) [demonic ancestry]
   231 | D:1      | Reached XP level 2. HP: 23/24 MP: 2/2
   841 | D:1      | Gained mutation: You have large cloven feet. [demonic
                  | ancestry]
   841 | D:1      | Reached XP level 3. HP: 29/29 MP: 3/3
  1209 | D:2      | Reached ** piety under Trog
  1254 | D:2      | Found a faded altar of an unknown god.
  1773 | D:2      | Reached skill level 1 in Shields
  2060 | D:3      | Reached XP level 4. HP: 37/37 MP: 4/4
  2452 | D:3      | Reached XP level 5. HP: 40/42 MP: 5/5
  2882 | D:4      | Found a hazy altar of Hepliaklqana.
  3117 | D:4      | Noticed a lemure
  3117 | D:4      | Noticed a lemure
  3117 | D:4      | Noticed Pikel
  3120 | D:4      | Noticed a lemure
  3123 | D:4      | Noticed a lemure
  3130 | D:4      | Killed a lemure
  3136 | D:4      | Killed a lemure
  3140 | D:4      | Killed a lemure
  3146 | D:4      | Killed a lemure
  3167 | D:4      | Killed Pikel
  3168 | D:4      | Reached XP level 6. HP: 23/48 MP: 6/6
  3168 | D:4      | Gained mutation: Your demonic aura sometimes causes spilled
                  | blood to erupt in flames. [demonic ancestry]
  3168 | D:4      | Reached XP level 7. HP: 26/54 MP: 7/7
  3580 | D:5      | Entered Level 5 of the Dungeon
  3670 | D:5      | Reached skill level 5 in Polearms
  4767 | D:6      | Gained mutation: You sometimes gain a little power by
                  | taking damage. [demonic ancestry]
  4767 | D:6      | Reached XP level 8. HP: 61/61 MP: 8/8
  4864 | D:6      | Reached skill level 1 in Evocations
  4867 | D:6      | Reached skill level 1 in Maces & Flails
  4872 | D:6      | Found Qusm's Book Shoppe.
  4964 | D:6      | Found a basalt altar of Yredelemnul.
  5013 | D:6      | Found a staircase to the Ecumenical Temple.
  5032 | Temple   | Entered the Ecumenical Temple
  5096 | D:6      | Found the +7 staff of the Meek {protect, meekguard}
  5487 | D:7      | Noticed Menkaure
  5492 | D:7      | Killed Menkaure
  5493 | D:7      | Reached skill level 5 in Fighting
  5493 | D:7      | Reached skill level 5 in Armour
  5713 | D:7      | Found a bloodstained altar of Trog.
  5902 | D:7      | Found Mohig's Lightly-Used Armoury.
  5903 | D:7      | Noticed Prince Ribbit
  5920 | D:7      | Killed Prince Ribbit
  5921 | D:7      | Reached skill level 1 in Stealth
  5921 | D:7      | Reached XP level 9. HP: 68/68 MP: 9/9
  6353 | D:8      | HP: 3/68 [poisoned by a killer bee]
  6353 | D:8      | Slain by a killer bee

Illustrated notes

Levels and vault maps discovered:
D:1:      dpeg_arrival_shrine, layout_loops_corners
D:2:      layout_loops_corners, shapermc_ecumenical_altar_starsandcircs,
          st_stairs_7, nicolae_twisty_statue_hallways
D:3:      layout_basic
D:4:      layout_cave_pools, old_standard_altar, serial_rivers,
          chequers_serial_rivers_room_b, chequers_serial_rivers_micro_c,
          chequers_serial_rivers_room_b, chequers_serial_rivers_small_3,
          chequers_serial_rivers_small_a, chequers_serial_rivers_room_a,
          uniq_pikel
D:5:      layout_basic, nicolae_tricolors
D:6:      layout_basic, mainiacjoe_overflow_boulevard,
          minmay_temple_entry_water_ring, serial_shops, shop
D:7:      layout_basic, lemuel_tele_altar, minmay_shop_damaged,
          serial_park_tiny_2, minmay_crystal_water, nicolae_water_bricks,
          uniq_prince_ribbit1, uniq_menkaure
D:8:      layout_rooms, enter_bailey_3, gup_ossuary_entry_pyramid,
          fungi_pond_lemuel
Temple:   eino_temple_lava

Skill      XL: |  1  2  3  4  5  6  7  8 |
---------------+-------------------------+-----
Polearms       | 3 4 5 |  5.2
Armour         | 2 3 4 5 |  5.6
Shields        | 1 2 3 4 |  4.4
Dodging        | 2 3 4 |  4.1
Fighting       | 4 5 |  5.3
Evocations     | 2 |  2.3
Maces & Flails | 3 |  3.3
Stealth        | 1 |  1.0

Action                     |  1- 3 |  4- 6 |  7- 9 || total
---------------------------+-------+-------+-------++-------
  Melee: Spear             |   134 |   128 |       ||   262
         Punch             |     1 |       |       ||     1
         Kick              |    12 |    37 |    38 ||    87
         Whip              |       |       |   131 ||   131
 Invoke: Berserk           |     2 |     3 |     6 ||    11
         Trog's Hand       |     1 |     5 |     5 ||    11
  Evoke: Wand              |       |     3 |    21 ||    24
 Armour: Animal skin       |    18 |       |       ||    18
         Ring mail         |    67 |    85 |    56 ||   208
         Chain mail        |       |       |   117 ||   117
  Dodge: Dodged            |    60 |    50 |    90 ||   200
  Block: Kite shield       |    42 |    57 |   113 ||   212

Table legend: (Time is in decaauts)
 A = Elapsed time spent in this place.
 B = Non-inter-level travel time spent in this place.
 C = Inter-level travel time spent in this place.
 D = Time resting spent in this place.
 E = Time spent auto-exploring this place.
 F = Levels seen in this place.
 G = Mean time per level.
                   A        B        C        D        E       F      G
               +--------+--------+--------+--------+--------+-----+--------+
         Total |   6481 |   1101 |   5380 |      0 |      0 |   9 |  720.1 |
       Dungeon |   6433 |   1099 |   5334 |      0 |      0 |   8 |  804.1 |
        Temple |     47 |      1 |     46 |      0 |      0 |   1 |   47.0 |
               +--------+--------+--------+--------+--------+-----+--------+

Top non-repeatable levels by time:
     D:1: 1191 daAuts
     D:5: 1106 daAuts
     D:3: 904 daAuts
     D:7: 876 daAuts
     D:4: 790 daAuts
     D:6: 787 daAuts
     D:2: 761 daAuts
  Temple: 47 daAuts
     D:8: 15 daAuts
